 Dungeon Crawl Stone Soup version 0.29-a0-284-gf9362112df (webtiles) character file.

Game seed: 16940111621974034121

1555 sammy202020 the Ruffian (level 8, -6/83 HPs)
             Began as a Troll Fighter on Mar 18, 2022.
             Was an Initiate of Okawaru.
             Mangled by a gnoll sergeant
             ... wielding a +3 vampiric spear
              (13 damage)
             ... on level 7 of the Dungeon.
             The game lasted 00:08:19 (5189 turns).

sammy202020 the Ruffian (Troll Fighter)             Turns: 5189, Time: 00:08:19

Health: -6/83      AC:  4    Str: 31    XL:     8   Next: 58%
Magic:  7/7        EV:  9    Int:  6    God:    Okawaru [......]
Gold:   306        SH:  9    Dex:  9    Spells: 7/7 levels left

rFire   . . .      SeeInvis .     - Unarmed
rCold   . . .      Faith    .   b - +1 kite shield
rNeg    . . .      Spirit   .   t - +0 robe {Will+}
rPois   .          Reflect  .   (helmet restricted)
rElec   .          Harm     .   (no cloak)
rCorr   .          Rampage  .   (gloves unavailable)
Will    +....                   (boots unavailable)
Stlth   +.........              (no amulet)
HPRegen 1.03/turn               k - +6 ring of strength
MPRegen 0.10/turn               (no ring)

@: no status effects
A: large, unfitting armour, claws 3, regeneration 1, shaggy fur 1, tough skin 1
a: Renounce Religion


You were on level 7 of the Dungeon.
You worshipped Okawaru.
Okawaru was noncommittal.
You visited 2 branches of the dungeon, and saw 8 of its levels.

You collected 306 gold pieces.

Inventory:

Hand Weapons
 d - a +0 club
 n - a +0 flail of flaming
 u - a +0 flail
Missiles
 e - 15 stones
 g - 5 poisoned darts (quivered)
 i - 10 javelins
Armour
 b - a +1 kite shield (worn)
 t - a +0 robe of willpower (worn)
Jewellery
 k - a +6 ring of strength (left claw)
 A - a ring of protection from fire
Wands
 a - a wand of mindburst (16)
 y - a wand of paralysis (7)
Scrolls
 j - 7 scrolls of teleportation
Potions
 c - 2 potions of might
 f - a potion of curing
 h - 2 potions of heal wounds
 l - a potion of haste
 m - 2 potions of lignification {unknown}
 o - 3 potions of mutation {unknown}
 p - 2 potions of magic {unknown}
 q - 2 potions of ambrosia {unknown}
 x - a potion of flight {unknown}


   Skills:
 * Level 5.8 Fighting
 + Level 4.2 Dodging
 + Level 4.4 Shields
 * Level 6.5 Unarmed Combat


You had 7 spell levels left.
You didn't know any spells.
Your spell library contained the following spells:

 Spells                   Type           Power      Damage    Failure   Level
 Foxfire                  Conj/Fire      0%         2x1d4     75%         1
 Corpse Rot               Necr/Air       0%         N/A       86%         2
 Poisonous Vapours        Pois/Air       0%         N/A       86%         2
 Conjure Flame            Conj/Fire      0%         6-21      98%         3
 Gell's Gravitas          Tloc           0%         N/A       98%         3
 Inner Flame              Hex/Fire       0%         N/A       98%         3
 Lesser Beckoning         Tloc           0%         N/A       98%         3
 Teleport Other           Tloc           0%         N/A       98%         3
 Flame Wave               Conj/Fire      0%         2d4       100%        4
 Summon Small Mammal      Summ           Unusable   N/A       N/A         1
 Call Canine Familiar     Summ           Unusable   N/A       N/A         3
 Summon Guardian Golem    Hex/Summ       Unusable   N/A       N/A         3
 Summon Forest            Summ/Tloc      Unusable   N/A       N/A         5
 Summon Mana Viper        Hex/Summ       Unusable   N/A       N/A         5
 Summon Cactus Giant      Summ           Unusable   N/A       N/A         6

Dungeon Overview and Level Annotations

Branches:
Dungeon (7/15)             Temple (1/1) D:6

Altars:
Ashenzari
Cheibriados
Dithmenos
Elyvilon
Fedhas
Gozag
Hepliaklqana
Kikubaaqudgha
Makhleb
Nemelex Xobeh
Okawaru
Qazlal
Ru
Sif Muna
Trog
Uskayaw
Wu Jian
Xom
Zin
Lugonu

Shops:
D:5 !


Innate Abilities, Weirdness & Mutations

You are too large for most types of armour.
You have claws for hands.
Your natural rate of healing is unusually fast.
You are covered in fur. (AC +1)
You have tough skin. (AC +1)


Message History

The gnoll barely misses you. You block the gnoll sergeant's attack.
You mangle the gnoll!!
You kill the gnoll!
Okawaru accepts your kill. You block the gnoll's attack.
The gnoll sergeant completely misses you.
You closely miss the gnoll. The gnoll hits you with a +0 halberd.
You block the gnoll sergeant's attack.
You scratch the gnoll.
The gnoll is lightly wounded.
The gnoll hits you with a +0 halberd!
The gnoll sergeant hits you with a +3 vampiric spear.
You barely miss the gnoll.
The gnoll is lightly wounded.
You block the gnoll's attack. The gnoll sergeant closely misses you.
You barely miss the gnoll.
The gnoll is lightly wounded.
You block the gnoll's attack. The gnoll sergeant barely misses you.
You closely miss the gnoll.
The gnoll is lightly wounded.
The gnoll hits you with a +0 halberd! You block the gnoll sergeant's attack.
You mangle the gnoll!!
You kill the gnoll!
Okawaru accepts your kill.
The gnoll sergeant hits you with a +3 vampiric spear!
* * * LOW HITPOINT WARNING * * *
You closely miss the gnoll sergeant.
The gnoll sergeant hits you with a +3 vampiric spear.
* * * LOW HITPOINT WARNING * * *
You completely miss the gnoll sergeant.
The gnoll sergeant completely misses you.
You scratch the gnoll sergeant.
The gnoll sergeant is lightly wounded.
The gnoll sergeant hits you with a +3 vampiric spear.
* * * LOW HITPOINT WARNING * * *
The gnoll sergeant draws strength from your wounds!
You barely miss the gnoll sergeant.
The gnoll sergeant is lightly wounded.
The gnoll sergeant hits you with a +3 vampiric spear!
You die... ## .. .# .# ###)###### #(@)....>. ###g###### .# ##

You could see a gnoll sergeant.

Vanquished Creatures
  A steam dragon (D:6)
  An ice beast (D:6)
  2 sky beasts (D:5)
  3 phantoms
  A gnoll sergeant (D:6)
  4 scorpions
  A howler monkey (D:5)
  A jelly (D:5)
  6 hounds
  2 orc priests
  2 iguanas
  3 orc wizards
  4 adders
  9 gnolls
  An ufetubus (D:5)
  2 dart slugs
  8 orcs
  5 bats
  5 endoplasms
  3 giant cockroaches
  7 goblins
  6 hobgoblins
  3 jackals (D:2)
  8 kobolds
  2 quokkas
  7 ball pythons
  6 frilled lizards
  7 rats
110 creatures vanquished.

Notes
Turn   | Place    | Note
-------+----------+-------------------------------------------
     0 | D:1      | sammy202020 the Troll Fighter began the quest for the Orb.
     0 | D:1      | Reached XP level 1. HP: 22/22 MP: 0/0
    48 | D:1      | Reached XP level 2. HP: 29/29 MP: 1/1
   600 | D:2      | Reached XP level 3. HP: 36/36 MP: 2/2
   896 | D:2      | Reached XP level 4. HP: 33/45 MP: 3/3
  1303 | D:3      | Reached skill level 3 in Unarmed Combat
  1308 | D:3      | Found a faded altar of an unknown god.
  2016 | D:4      | Reached XP level 5. HP: 37/53 MP: 4/4
  2164 | D:4      | Noticed a phantom
  2176 | D:4      | Killed a phantom
  2203 | D:4      | Found a bloodstained altar of Trog.
  2530 | D:4      | Reached XP level 6. HP: 27/62 MP: 5/5
  2536 | D:4      | Reached skill level 4 in Unarmed Combat
  2996 | D:5      | Entered Level 5 of the Dungeon
  3064 | D:5      | Found Kuraiclitao's Distillery.
  3065 | D:5      | Noticed a sky beast
  3077 | D:5      | Killed a sky beast
  3092 | D:5      | Reached XP level 7. HP: 63/71 MP: 6/6
  3244 | D:5      | Reached skill level 5 in Unarmed Combat
  3357 | D:5      | Found a broken altar of Ashenzari.
  3373 | D:5      | Found a sparkling altar of Nemelex Xobeh.
  3811 | D:6      | Reached skill level 5 in Fighting
  3848 | D:6      | Reached XP level 8. HP: 17/80 MP: 7/7
  4153 | D:6      | Reached skill level 6 in Unarmed Combat
  4195 | D:6      | Found a staircase to the Ecumenical Temple.
  4229 | Temple   | Entered the Ecumenical Temple
  4667 | D:6      | Found a hazy altar of Hepliaklqana.
  4711 | D:6      | Found a shadowy altar of Dithmenos.
  4711 | D:6      | Found a shimmering blue altar of Sif Muna.
  4717 | D:6      | Found a faded altar of an unknown god.
  4719 | D:6      | Found a white marble altar of Elyvilon.
  4721 | D:6      | Found an iron altar of Okawaru.
  4729 | D:6      | Became a worshipper of Warmaster Okawaru
  4971 | D:6      | Found a sacrificial altar of Ru.
  4972 | D:6      | Found an ancient bone altar of Kikubaaqudgha.
  5189 | D:7      | Mangled by a gnoll sergeant

Illustrated notes

Levels and vault maps discovered:
D:1:      psy_arrival_whirlpool, layout_rooms
D:2:      layout_loops_cross, grunt_ministairs_5
D:3:      layout_loops_ring, chequers_ecumenical_altar_island, minmay_checkerbox
D:4:      layout_basic, mainiacjoe_overflow_catwalk, grunt_ministairs_9
D:5:      layout_loops_ring, mainiacjoe_overflow_swirl, serial_shops,
          nicolae_diamond_shop
D:6:      layout_layer_cave, nicolae_overflow_hidden_temple,
          chequers_temple_overflow_minitemple, minmay_temple_entry_waves,
          kennysheep_generic_room_5
D:7:      layout_loops_ring, nicolae_yredelemnul_ghost_church, serial_glass,
          glass_columns_b, glass_columns_a, glass_columns_a, glass_columns_c
Temple:   corrupted_temple

Skill      XL: |  1  2  3  4  5  6  7  8 |
---------------+-------------------------+-----
Fighting       | 3 4 5 |  5.8
Unarmed Combat | 3 4 5 6 |  6.5
Shields        | 3 4 |  4.4
Dodging        | 3 4 |  4.2

Action                   |  1- 3 |  4- 6 |  7- 9 || total
-------------------------+-------+-------+-------++-------
Melee: Unarmed           |   123 |   128 |    97 ||   348
Throw: Stone             |     8 |       |       ||     8
       Dart              |     2 |       |       ||     2
  Use: Scroll            |       |     6 |     7 ||    13
       Potion            |       |     1 |     3 ||     4
Armor: Robe              |    38 |    28 |    27 ||    93
Dodge: Dodged            |    47 |    45 |    42 ||   134
Block: Kite shield       |    44 |    37 |    32 ||   113

Table legend: (Time is in decaauts)
 A = Elapsed time spent in this place.
 B = Non-inter-level travel time spent in this place.
 C = Inter-level travel time spent in this place.
 D = Time resting spent in this place.
 E = Time spent auto-exploring this place.
 F = Levels seen in this place.
 G = Mean time per level.
                   A        B        C        D        E       F      G
               +--------+--------+--------+--------+--------+-----+--------+
         Total |   5219 |   5096 |    123 |      0 |   3970 |   8 |  652.4 |
       Dungeon |   5164 |   5054 |    110 |      0 |   3942 |   7 |  737.7 |
        Temple |     54 |     41 |     13 |      0 |     28 |   1 |   54.0 |
               +--------+--------+--------+--------+--------+-----+--------+

Top non-repeatable levels by time:
     D:6: 1329 daAuts
     D:4: 1129 daAuts
     D:5: 792 daAuts
     D:2: 780 daAuts
     D:3: 649 daAuts
     D:1: 464 daAuts
  Temple: 54 daAuts
     D:7: 19 daAuts
